TOP OF THE 1ST |
Bakersfield Nobles batting - Pitching for Naperville Battlekings : LHP Dusty Muhidini
|
Pitching: LHP Dusty Muhidini
|
|
Batting: RHB Lloyd Alberink
|
0-0: Ball 1-0: Swinging Strike 1-1: Foul Ball, location: 2F 1-2: Strikes out swinging
|
Batting: LHB Mike Russell
|
0-0: SINGLE (Line Drive, 8LS)
|
Batting: LHB Jake Shelton
|
0-0: Foul Ball, location: 2F 0-1: Ball 1-1: Ball 2-1: Ball 3-1: Foul Ball, location: 2F 3-2: Base on Balls Mike Russell to second
|
Batting: LHB Luis Velázquez
|
0-0: Called Strike 0-1: Called Strike 0-2: Fly out, F9 (Flyball, 9M)
|
Batting: RHB Bill Sackett
|
0-0: Ball 1-0: Fly out, F8 (Flyball, 8LM)
|
Top of the 1st over - 0 run(s), 1 hit(s), 0 error(s), 2 left on base; Bakersfield 0 - Naperville 0 |
BOTTOM OF THE 1ST |
Naperville Battlekings batting - Pitching for Bakersfield Nobles : RHP Bruce Wright
|
Pitching: RHP Bruce Wright
|
|
Batting: RHB Scott Peterson
|
0-0: Fly out, F7 (Flyball, 78M)
|
Batting: RHB Sal Haynes
|
0-0: Swinging Strike 0-1: Swinging Strike 0-2: Ball 1-2: Ball 2-2: Strikes out swinging
|
Batting: LHB Cristo Ramírez
|
0-0: Called Strike 0-1: Swinging Strike 0-2: Foul Ball, location: 2F 0-2: Strikes out looking
|
Bottom of the 1st over - 0 run(s), 0 hit(s), 0 error(s), 0 left on base; Bakersfield 0 - Naperville 0 |
TOP OF THE 2ND |
Bakersfield Nobles batting - Pitching for Naperville Battlekings : LHP Dusty Muhidini
|
Batting: RHB Vincente Flores
|
0-0: Called Strike 0-1: Ball 1-1: Ground out 6-3 (Groundball, 6)
|
Batting: LHB Ricardo Miranda
|
0-0: Ball 1-0: Ball 2-0: Ball 3-0: Foul Ball, location: 2F 3-1: Called Strike 3-2: Strikes out swinging, 2-3 out at first.
|
Batting: RHB Luis Jiménez
|
0-0: Ball 1-0: Ball 2-0: Reached on error, E6 (Groundball, 6M)
|
Batting: RHB Ron Gérard
|
0-0: Ball 1-0: Ball 2-0: Ground out U3 (Groundball, 3S)
|
Top of the 2nd over - 0 run(s), 0 hit(s), 1 error(s), 1 left on base; Bakersfield 0 - Naperville 0 |
BOTTOM OF THE 2ND |
Naperville Battlekings batting - Pitching for Bakersfield Nobles : RHP Bruce Wright
|
Batting: RHB Joe Ferneyhough
|
0-0: Fly out, F8 (Flyball, 8RM)
|
Batting: RHB Carlos Gómez
|
0-0: Swinging Strike 0-1: Swinging Strike 0-2: Strikes out looking
|
Batting: RHB Earnest Veeck
|
0-0: Ball 1-0: Foul Ball, location: 2F 1-1: Ball 2-1: Ball 3-1: Swinging Strike 3-2: Foul Ball, location: 2F 3-2: Base on Balls
|
Batting: RHB Marcus Wade
|
0-0: Called Strike 0-1: Swinging Strike 0-2: Ball 1-2: Ball 2-2: Strikes out looking
|
Bottom of the 2nd over - 0 run(s), 0 hit(s), 0 error(s), 1 left on base; Bakersfield 0 - Naperville 0 |
TOP OF THE 3RD |
Bakersfield Nobles batting - Pitching for Naperville Battlekings : LHP Dusty Muhidini
|
Batting: RHB Lloyd Alberink
|
0-0: Foul Ball, location: 2F 0-1: Foul Ball, location: 2F 0-2: Hit by Pitch
|
Batting: LHB Mike Russell
|
0-0: Ball 1-0: Grounds into double play, 4-6-3 (Groundball, 4)
|
Batting: LHB Jake Shelton
|
0-0: Ball 1-0: Ball 2-0: Called Strike 2-1: Ball 3-1: Called Strike 3-2: Fly out, F8 (Flyball, 8LXD)
|
Top of the 3rd over - 0 run(s), 0 hit(s), 0 error(s), 0 left on base; Bakersfield 0 - Naperville 0 |
BOTTOM OF THE 3RD |
Naperville Battlekings batting - Pitching for Bakersfield Nobles : RHP Bruce Wright
|
Batting: RHB Tim Little
|
0-0: Ball 1-0: Ball 2-0: Ground out 6-3 (Groundball, 6)
|
Batting: LHB Alfonso Martínez
|
0-0: Called Strike 0-1: Swinging Strike 0-2: Ball 1-2: Ground out 4-3 (Groundball, 4)
|
Batting: RHB Scott Peterson
|
0-0: Ground out 6-3 (Groundball, 56)
|
Bottom of the 3rd over - 0 run(s), 0 hit(s), 0 error(s), 0 left on base; Bakersfield 0 - Naperville 0 |
TOP OF THE 4TH |
Bakersfield Nobles batting - Pitching for Naperville Battlekings : LHP Dusty Muhidini
|
Batting: LHB Luis Velázquez
|
0-0: Ball 1-0: SINGLE (Groundball, 34)
|
Batting: RHB Bill Sackett
|
0-0: Swinging Strike 0-1: Fly out, F8 (Flyball, 8LM)
|
Batting: RHB Vincente Flores
|
0-0: Ball 1-0: DOUBLE (Flyball, 78M) Luis Velázquez to third
|
Batting: LHB Ricardo Miranda
|
0-0: Hit by Pitch
|
Batting: RHB Luis Jiménez
|
0-0: Called Strike 0-1: Foul Ball, location: 2F 0-2: Foul Ball, location: 2F 0-2: Ball 1-2: Fly out, F7 (Flyball, 78M)
|
Batting: RHB Ron Gérard
|
0-0: Ball 1-0: Called Strike 1-1: Fly out, F8 (Flyball, 8LM)
|
Top of the 4th over - 0 run(s), 2 hit(s), 0 error(s), 3 left on base; Bakersfield 0 - Naperville 0 |
BOTTOM OF THE 4TH |
Naperville Battlekings batting - Pitching for Bakersfield Nobles : RHP Bruce Wright
|
Batting: RHB Sal Haynes
|
0-0: Swinging Strike 0-1: Swinging Strike 0-2: Ground out 5-3 (Groundball, 56S)
|
Batting: LHB Cristo Ramírez
|
0-0: Foul Ball, location: 2F 0-1: Ground out 4-3 (Groundball, 34)
|
Batting: RHB Joe Ferneyhough
|
0-0: Ball 1-0: SINGLE (Groundball, 6MD)
|
Batting: RHB Carlos Gómez
|
0-0: Called Strike 0-1: Ball 1-1: Foul Ball, location: 2F 1-2: Ball 2-2: Strikes out looking
|
Bottom of the 4th over - 0 run(s), 1 hit(s), 0 error(s), 1 left on base; Bakersfield 0 - Naperville 0 |
TOP OF THE 5TH |
Bakersfield Nobles batting - Pitching for Naperville Battlekings : LHP Dusty Muhidini
|
Batting: RHB Lloyd Alberink
|
0-0: Ball 1-0: Fly out, F8 (Flyball, 8LM)
|
Batting: LHB Mike Russell
|
0-0: Ball 1-0: Ground out 4-3 (Groundball, 34)
|
Batting: LHB Jake Shelton
|
0-0: Ball 1-0: Called Strike 1-1: Ball 2-1: Swinging Strike 2-2: Ball 3-2: Foul Ball, location: 2F 3-2: Ground out 4-3 (Groundball, 4)
|
Top of the 5th over - 0 run(s), 0 hit(s), 0 error(s), 0 left on base; Bakersfield 0 - Naperville 0 |
BOTTOM OF THE 5TH |
Naperville Battlekings batting - Pitching for Bakersfield Nobles : RHP Bruce Wright
|
Batting: RHB Earnest Veeck
|
0-0: Called Strike 0-1: Swinging Strike 0-2: Foul Ball, location: 2F 0-2: Ball 1-2: SINGLE (Line Drive, 56D)
|
Batting: RHB Marcus Wade
|
0-0: Sac Bunt - play at first, batter OUT! 6-3 Earnest Veeck to second
|
Batting: RHB Tim Little
|
0-0: Ball 1-0: Fly out, F5 (Popup, 5S)
|
Batting: LHB Alfonso Martínez
|
0-0: Swinging Strike 0-1: Called Strike 0-2: Strikes out looking
|
Bottom of the 5th over - 0 run(s), 1 hit(s), 0 error(s), 1 left on base; Bakersfield 0 - Naperville 0 |
TOP OF THE 6TH |
Bakersfield Nobles batting - Pitching for Naperville Battlekings : LHP Dusty Muhidini
|
Batting: LHB Luis Velázquez
|
0-0: Ball 1-0: SINGLE (Line Drive, 7S)
|
Batting: RHB Bill Sackett
|
0-0: Called Strike 0-1: Ball 1-1: SINGLE (Line Drive, 34) Luis Velázquez to second
|
Batting: RHB Vincente Flores
|
0-0: Ball 1-0: Bunted foul 1-1: Bunted foul 1-2: Foul Ball, location: 2F 1-2: Fly out, F6 (Popup, 5D)
|
Batting: LHB Ricardo Miranda
|
0-0: Called Strike 0-1: Ball 1-1: Ball 2-1: Ball 3-1: Called Strike 3-2: SINGLE (Groundball, 25) (infield hit) Luis Velázquez to third Bill Sackett to second
|
Batting: RHB Luis Jiménez
|
0-0: Called Strike 0-1: Called Strike 0-2: Ball 1-2: Fly out, F5 (Line Drive, 5S)
|
Batting: RHB Ron Gérard
|
0-0: Fielders Choice at 2nd, U4 (Groundball, 4M)
|
Top of the 6th over - 0 run(s), 3 hit(s), 0 error(s), 3 left on base; Bakersfield 0 - Naperville 0 |
BOTTOM OF THE 6TH |
Naperville Battlekings batting - Pitching for Bakersfield Nobles : RHP Bruce Wright
|
Batting: RHB Scott Peterson
|
0-0: Ball 1-0: Ball 2-0: Foul Ball, location: 2F 2-1: Fly out, F8 (Flyball, 8LM)
|
Batting: RHB Sal Haynes
|
0-0: Called Strike 0-1: SINGLE (Line Drive, 8LS)
|
Batting: LHB Cristo Ramírez
|
0-0: Swinging Strike 0-1: Ball 1-1: Grounds into double play, 6-4-3 (Groundball, 6)
|
Bottom of the 6th over - 0 run(s), 1 hit(s), 0 error(s), 0 left on base; Bakersfield 0 - Naperville 0 |
TOP OF THE 7TH |
Bakersfield Nobles batting - Pitching for Naperville Battlekings : LHP Dusty Muhidini
|
Batting: RHB Lloyd Alberink
|
0-0: Ground out 6-3 (Groundball, 6)
|
Batting: LHB Mike Russell
|
0-0: Fly out, F9 (Popup, 4D)
|
Batting: LHB Jake Shelton
|
0-0: Ball 1-0: Foul Ball, location: 2F 1-1: Foul Ball, location: 2F 1-2: Ground out 4-3 (Groundball, 4)
|
Top of the 7th over - 0 run(s), 0 hit(s), 0 error(s), 0 left on base; Bakersfield 0 - Naperville 0 |
BOTTOM OF THE 7TH |
Naperville Battlekings batting - Pitching for Bakersfield Nobles : RHP Bruce Wright
|
Batting: RHB Joe Ferneyhough
|
0-0: Called Strike 0-1: DOUBLE (Line Drive, 7LS)
|
Pinch Hitting: LHB Jim Unknown
|
0-0: Intentional Walk
|
Batting: RHB Earnest Veeck
|
0-0: Sac Bunt - play at third, runner OUT! 1-6 Jim Unknown to second
|
Batting: RHB Marcus Wade
|
0-0: Called Strike Jim Unknown steals 3rd base Earnest Veeck to second 0-1: Foul Ball, location: 2F 0-2: Fly out, F4 (Popup, 34)
|
Pinch Hitting: RHB Tony Sánchez
|
0-0: Ball 1-0: Ball Passed Ball! Jim Unknown scores Earnest Veeck to third 2-0: Ball 3-0: Base on Balls
|
Pinch Hitting: SHB Daryl Lloyd
|
0-0: Fielders Choice at 2nd, U4 (Groundball, 4M)
|
Bottom of the 7th over - 1 run(s), 1 hit(s), 0 error(s), 2 left on base; Bakersfield 0 - Naperville 1 |
TOP OF THE 8TH |
Bakersfield Nobles batting - Pitching for Naperville Battlekings : LHP Dusty Muhidini
|
Now at 1B: Kevin Tyler
|
|
Now at 3B: Jack Mason
|
|
Now in CF: Jim Unknown
|
|
Batting: LHB Luis Velázquez
|
0-0: Called Strike 0-1: Ball 1-1: Ball 2-1: Foul Ball, location: 2F 2-2: Ground out 5-3 (Groundball, 5S)
|
Batting: RHB Bill Sackett
|
0-0: Called Strike 0-1: Fly out, F9 (Line Drive, 89D)
|
Batting: RHB Vincente Flores
|
0-0: Called Strike 0-1: Foul Ball, location: 2F 0-2: Foul Ball, location: 2F 0-2: Foul Ball, location: 2F 0-2: Foul Ball, location: 2F 0-2: Ball 1-2: Ground out 6-3 (Groundball, 6)
|
Top of the 8th over - 0 run(s), 0 hit(s), 0 error(s), 0 left on base; Bakersfield 0 - Naperville 1 |
BOTTOM OF THE 8TH |
Naperville Battlekings batting - Pitching for Bakersfield Nobles : RHP Bruce Wright
|
Pitching: RHP Marcos López
|
|
Batting: RHB Scott Peterson
|
0-0: Foul Ball, location: 2F 0-1: Ball 1-1: Ball 2-1: SINGLE (Line Drive, 8RS)
|
Batting: RHB Sal Haynes
|
0-0: Fly out, F6 (Popup, 5D)
|
Batting: LHB Cristo Ramírez
|
0-0: Called Strike 0-1: Ball 1-1: Ball 2-1: Grounds into double play, 6-4-3 (Groundball, 6)
|
Bottom of the 8th over - 0 run(s), 1 hit(s), 0 error(s), 0 left on base; Bakersfield 0 - Naperville 1 |
TOP OF THE 9TH |
Bakersfield Nobles batting - Pitching for Naperville Battlekings : LHP Dusty Muhidini
|
Pitching: LHP Motoyuki Nakamura
|
|
Pinch Hitting: RHB Manuel Villarreal
|
0-0: Ball 1-0: Ball 2-0: Called Strike 2-1: Ball 3-1: Foul Ball, location: 2F 3-2: Base on Balls
|
Batting: RHB Luis Jiménez
|
0-0: Sac Bunt - play at first, batter OUT! 1-4 Manuel Villarreal to second
|
Pinch Hitting: RHB Floyd Mitchell
|
0-0: Ball 1-0: Foul Ball, location: 2F 1-1: Fly out, F3 (Popup, 3SF)
|
Pinch Hitting: RHB Yoshifumi Sato
|
0-0: Foul Ball, location: 2F 0-1: Ball 1-1: Ball 2-1: Ground out 5-3 (Groundball, 56S)
|
Top of the 9th over - 0 run(s), 0 hit(s), 0 error(s), 1 left on base; Bakersfield 0 - Naperville 1 |
|